 Dungeon Crawl Stone Soup version 0.27-a0-1384-g1422d76b99 (webtiles) character file.

Game seed: 12303015621613412587

168 night the Firebug (level 5, 0/27 (31) HPs)
             Began as an Octopode Fire Elementalist on June 30, 2021.
             Slain by an orc wizard (1 damage)
             ... on level 3 of the Dungeon.
             The game lasted 00:06:00 (3482 turns).

night the Firebug (Octopode Fire Elementalist)      Turns: 3482, Time: 00:06:01

HP:   0/27 (31)     AC:  1    Str:  7    XL:     5   Next: 48%
MP:   8/9           EV: 13    Int: 19    God:
Gold: 72            SH:  0    Dex: 12    Spells: 9/10 levels left

rFire    . . .     SeeInvis .   f - +0 dagger
rCold    . . .     Faith    .   (no shield)
rNeg     . . .     Spirit   .   (helmet restricted)
rPois    .         Reflect  .   (no amulet)
rElec    .         Harm     .   (no ring)
rCorr    .         Rampage  .   (no ring)
Will     .....                  (no ring)
Stlth    +++.......             (no ring)
HPRegen  0.09/turn              (no ring)
MPRegen  0.11/turn              (no ring)
                                (no ring)
                                (no ring)

@: heavily drained
A: almost no armour, amphibious, 8 rings, camouflage 1, gelatinous body 1,
(nimble swimmer 1), tentacles
a: no special abilities


You were on level 3 of the Dungeon.
You visited 1 branch of the dungeon, and saw 3 of its levels.

You collected 72 gold pieces.

Inventory:

Hand Weapons
 e - a +0 whip
 f - a +0 dagger (weapon)
 j - a +0 morningstar
Missiles
 a - 138 stones (quivered)
 b - 61 bolts
 k - 28 sling bullets
 n - a throwing net
 q - 5 boomerangs
Armour
 h - a +0 buckler
Jewellery
 d - an amulet of guardian spirit
 l - a ring of willpower
Scrolls
 g - 2 scrolls of magic mapping
 o - a scroll of noise
 p - a scroll of teleportation
Potions
 c - a potion of brilliance {unknown}
 i - a potion of curing {unknown}
 m - a potion of berserk rage {unknown}
 r - a potion of haste {unknown}


   Skills:
 - Level 2.0 Dodging
 - Level 2.6 Stealth
 + Level 3.3 Spellcasting
 + Level 3.0 Conjurations
 + Level 4.2 Fire Magic


You had 9 spell levels left.
You knew the following spells:

 Your Spells              Type           Power      Damage    Failure   Level
a - Foxfire               Conj/Fire      64%        2x1d7     3%          1

Your spell library contained the following spells:

 Spells                   Type           Power      Damage    Failure   Level
 Conjure Flame            Conj/Fire      16%        6-21      10%         3
 Inner Flame              Hex/Fire       11%        N/A       19%         3
 Sticky Flame             Conj/Fire      16%        2d4       32%         4
 Confusing Touch          Hex            3%         N/A       41%         3
 Gell's Gravitas          Tloc           1%         N/A       41%         3
 Fireball                 Conj/Fire      8%         3d6       67%         5
 Petrify                  Tmut/Erth      3%         N/A       83%         4
 Metabolic Englaciation   Hex/Ice        1%         N/A       99%         5
 Yara's Violent Unravell  Hex/Tmut       1%         3d3       99%         5


Dungeon Overview and Level Annotations

Branches:
Dungeon (3/15)

Altars:


Innate Abilities, Weirdness & Mutations

You cannot wear most types of armour.
You are amphibious.
You can wear up to eight rings at the same time.
Your skin changes colour to match your surroundings (Stealth+).
Your rubbery body absorbs attacks. (AC +1, EV +1)
((You are camouflaged near water. (Stealth+)))
You have tentacles for arms and can constrict up to eight enemies at once.


Message History

The orc wizard hits you with a +2 dagger of draining.
You feel drained.
An orc comes into view. It is wielding a +0 mace.
The orc shouts!
The orc wizard points at you and mumbles some strange words.
The puff of flame misses you.
Things that are here:
a +0 war axe; a +0 hand axe; an orc corpse The orc wizard points at you and mumbles some strange words.
You resist with some effort.
You bump into the rock wall.
You're too confused to move!
You feel less confused.
The orc wizard casts a spell.
The orc wizard flickers and vanishes!
Deactivating autopickup; reactivate with Ctrl-A.
Casting: Foxfire (safe; 3% risk of failure)
Confirm with . or Enter, or press ? or * to list all spells.
You conjure some foxfire!
Unknown command.
You hit the orc but do no damage. Your grab misses the orc.
The foxfire hits the orc.
The orc is heavily wounded.
The foxfire hits something.
The orc misses you.
You hit the orc.
You kill the orc!
Something hits you.
You feel drained.
You barely miss something. You squeeze something. Something barely misses you.
You hit something. Your squeeze misses something.
You hear some strange, mumbled words.
A puff of flame appears from out of thin air!
The puff of flame hits you!
You hit something. Your squeeze misses something. Something hits you.
* * * LOW HITPOINT WARNING * * *
You feel drained.
* * * LOW HITPOINT WARNING * * *
You miss something. Something hits you.
* * * LOW HITPOINT WARNING * * *
You feel drained.
You die...

#..... #.....
#####.# #...##
...#.# #..###
..#.## #..##.
##.#..# #.###.
#....#.#######.# #.
#...###......#.# #.
#.@).#.#####.#.###.
##{##)## #.#.....
#.##.# #.......
#.##.### ###.....
.......#.....#
#....#
....###.####.#
#.#### .. ## .# #..
# #.. #...


There were no monsters in sight!

Vanquished Creatures
  2 orc priests (D:3)
  A howler monkey skeleton (D:3)
  3 adders
  3 dart slugs
  5 orcs (D:3)
  6 endoplasms
  2 giant cockroaches (D:1)
  3 goblins
  6 hobgoblins
  4 jackals (D:2)
  5 kobolds
  6 quokkas
  8 ball pythons
  A bat (D:1)
  A frilled lizard (D:1)
  3 rats
59 creatures vanquished.

Vanquished Creatures (others)
  133 foxfires
133 creatures vanquished.

Grand Total: 192 creatures vanquished

Notes
Turn   | Place    | Note
-------+----------+-------------------------------------------
     0 | D:1      | night the Octopode Fire Elementalist began the quest for
                  | the Orb.
     0 | D:1      | Reached XP level 1. HP: 11/11 MP: 3/3
   176 | D:1      | Reached XP level 2. HP: 5/17 MP: 1/5
   938 | D:1      | Found a faded altar of an unknown god.
  1172 | D:1      | Reached XP level 3. HP: 21/21 MP: 3/6
  1985 | D:2      | Reached skill level 2 in Conjurations
  2584 | D:2      | Reached XP level 4. HP: 27/27 MP: 2/8
  3293 | D:3      | Reached skill level 4 in Fire Magic
  3293 | D:3      | Reached XP level 5. HP: 20/31 MP: 5/9
  3481 | D:3      | HP: 4/28 [something (1)]
  3482 | D:3      | HP: 1/28 [something (3)]
  3482 | D:3      | Slain by an orc wizard

Illustrated notes

Levels and vault maps discovered:
D:1:      eino_arrival_cavern_b, layout_basic,
          hellmonk_ecumenical_altar_slurped_away
D:2:      layout_basic, minmay_split_cup_small
D:3:      minmay_recursive_quarters, layout_loops_ring, lemuel_crystal_altar,
          cheibrodos_ashenzari_chains, trog_three_pillars_becter,
          nrook_mini_backslash

Skill      XL: |  1  2  3  4  5 |
---------------+----------------+-----
Conjurations   | 2 3 |  3.0
Spellcasting   | 3 |  3.3
Fire Magic     | 4 |  4.2
Dodging        | |  2.0
Stealth        | |  2.6

Action                   |  1- 3 |  4- 6 || total
-------------------------+-------+-------++-------
Melee: Unarmed           |    18 |       ||    18
       Tentacles         |     8 |     5 ||    13
       Constrict         |    10 |     4 ||    14
       Dagger            |    25 |    29 ||    54
Throw: Stone             |     1 |       ||     1
 Cast: Foxfire           |    63 |    26 ||    89
  Use: Scroll            |     2 |     1 ||     3
 Stab: Sleeping          |     2 |     2 ||     4
Armor: Skin              |     3 |     1 ||     4
Dodge: Dodged            |    23 |    14 ||    37

Table legend: (Time is in decaauts)
 A = Elapsed time spent in this place.
 B = Non-inter-level travel time spent in this place.
 C = Inter-level travel time spent in this place.
 D = Time resting spent in this place.
 E = Time spent auto-exploring this place.
 F = Levels seen in this place.
 G = Mean time per level.
                   A        B        C        D        E       F      G
               +--------+--------+--------+--------+--------+-----+--------+
         Total |   3480 |   3413 |     67 |    281 |   2710 |   3 | 1160.0 |
       Dungeon |   3480 |   3413 |     67 |    281 |   2710 |   3 | 1160.0 |
               +--------+--------+--------+--------+--------+-----+--------+

Top non-repeatable levels by time:
     D:1: 1760 daAuts
     D:2: 1302 daAuts
     D:3: 417 daAuts
